cohdb
Replays
Latest Replays
All Replays
Popular Replays
Top Player Replays
Match Explorer
How It Works
Community
CoH3 Stats
Reddit
Sign in to upload your games and track your stats! →
Sign in with Steam
Match 42215025
Unlisted
Match 42215025
Overview
Messages
Build Orders
End
Kettenkrad Recon Vehicle
Construct Infanterie Kompanie
Selects Terror Battlegroup
Selects Machine Gun Camouflage
MG 42 Machine Gun Team
MG 42 Machine Gun Team
MG 42 Machine Gun Team
Pioneer Squad
Construct Luftwaffe Kompanie
Jäger Squad
Jäger Squad
Construct Panzergrenadier Kompanie
251 Medium Carrier
Jäger Squad
Support Elements
Wirbelwind Flakpanzer
Selects No Quarter
Jäger Squad
Medical Station
Nebelwerfer 42 Rocket Launcher Team
Nebelwerfer 42 Rocket Launcher Team
Luftwaffe Officer Quarters
Panzergrenadier Officer Quarters
Wirbelwind Flakpanzer
Panzergrenadier Squad
Jäger Squad
Selects Contempt for the Weak
Selects Propaganda Leaflet Drop
Selects V1 Rocket Strike
Propaganda Leaflet Drop
Lieutenant Guy
Von
^3
DIV 250 BigBoss
0
0
Comments
sign in to comment!
No comments posted yet!